 Dungeon Crawl Stone Soup version 0.29.1-2-gbd0b4ee654 (webtiles) character file.

Game seed: 2304466645760040740

49 DildoBatman the Conjurer (level 4, -2/31 HPs)
             Began as a Formicid Conjurer on Nov 23, 2022.
             Frozen to death by an endoplasm (3 damage)
             ... on level 2 of the Dungeon.
             The game lasted 00:02:56 (1045 turns).

DildoBatman the Conjurer (Formicid Conjurer)        Turns: 1045, Time: 00:02:57

Health: -2/31      AC:  2    Str: 12    XL:     4   Next: 2%
Magic:  3/7        EV: 12    Int: 19    God:
Gold:   66         SH:  0    Dex: 12    Spells: 4/7 levels left

rFire   . . .      SeeInvis +   a - +0 sling
rCold   . . .      Faith    .   (no shield)
rNeg    . . .      Spirit   .   e - +0 robe
rPois   .          Reflect  .   (helmet unavailable)
rElec   .          Harm     .   (no cloak)
rCorr   .          Rampage  .   (no gloves)
Will    .....                   (no boots)
Stlth   ++........              (no amulet)
HPRegen 0.10/turn               (no ring)
MPRegen 0.10/turn               (no ring)

@: no status effects
A: permanent stasis, dig shafts and tunnels, antennae 3, four strong arms
a: Dig, Shaft Self


You were on level 2 of the Dungeon.
You visited 1 branch of the dungeon, and saw 2 of its levels.

You collected 66 gold pieces.

Inventory:

Hand Weapons
 a - a +0 sling (weapon)
Missiles
 d - 14 stones
Armour
 e - a +0 robe (worn)
Scrolls
 f - a scroll of teleportation {unknown}
 g - a scroll of magic mapping {unknown}
 h - a scroll of immolation {unknown}
 i - a scroll of poison {unknown}
 k - a scroll of amnesia {unknown}
Potions
 b - a potion of magic
 c - a potion of berserk rage {unknown}
 j - a potion of lignification {unknown}


   Skills:
 * Level 0.3 Fighting
 * Level 0.4 Armour
 * Level 1.9 Dodging
 - Level 2.4 Stealth
 * Level 2.3 Spellcasting
 * Level 4.6 Conjurations


You had 4 spell levels left.
You knew the following spells:

 Your Spells              Type           Power      Damage    Failure   Level
a - Searing Ray           Conj           38%        2d5       3%          2
c - Magic Dart            Conj           76%        1d6       2%          1

Your spell library contained the following spells:

 Spells                   Type           Power      Damage    Failure   Level
 Dazzling Flash           Conj/Hex       22%        N/A       19%         3
 Ensorcelled Hibernation  Hex/Ice        4%         N/A       26%         2
 Spider Form              Tmut/Pois      2%         N/A       45%         3
 Fulminant Prism          Conj/Hex       5%         3d7       54%         4
 Iskenderun's Mystic Bla  Conj/Tloc      11%        2d4       54%         4
 Anguish                  Hex/Necr       1%         N/A       86%         4


Dungeon Overview and Level Annotations

Branches:
Dungeon (2/15)

Altars:


Innate Abilities, Weirdness & Mutations

You cannot be hasted, slowed, berserked, paralysed or teleported.
You can dig through walls and to a lower floor.
You have a pair of large antennae on your head. (SInv)
Your four strong arms can wield two-handed weapons with a shield.


Message History

What are your orders? t - Shout!
Orders for allies: a - Attack new target. r - Retreat! s - Stop attacking. g - Guard the area. f - Follow me.
Anything else - Cancel.
You shout for attention!
The endoplasm freezes you.
You are frozen.
The kobold closely misses you. What are your orders? t - Shout!
Orders for allies: a - Attack new target. r - Retreat! s - Stop attacking. g - Guard the area. f - Follow me.
Anything else - Cancel.
You shout for attention!
The kobold hits you with a +0 dagger. The endoplasm freezes you.
You are frozen.
What are your orders? t - Shout!
Orders for allies: a - Attack new target. r - Retreat! s - Stop attacking. g - Guard the area. f - Follow me.
Anything else - Cancel.
You shout for attention!
The kobold hits you with a +0 dagger. The endoplasm freezes you.
You are frozen.
What are your orders? t - Shout!
Orders for allies: a - Attack new target. r - Retreat! s - Stop attacking. g - Guard the area. f - Follow me.
Anything else - Cancel.
You shout for attention!
The endoplasm freezes you.
You are frozen.
You die...

...#####..........##
....................
.....<.............#
...†................
...........÷........
....................
.............#.#.#..
..........#.##...##.
.##.............@K# .
...............J......
......####.........
.##.#..... .. ..#....
##. ....... # ##. ...
.. ..


You could see an endoplasm and a kobold.

Vanquished Creatures
  2 adders (D:2)
  A worm (D:2)
  4 dart slugs
  A giant cockroach (D:1)
  2 goblins
  4 hobgoblins
  2 kobolds (D:1)
  2 quokkas (D:1)
  A ball python (D:1)
  A bat (D:1)
20 creatures vanquished.

Notes
Turn   | Place    | Note
-------+----------+-------------------------------------------
     0 | D:1      | DildoBatman the Formicid Conjurer began the quest for the
                  | Orb.
     0 | D:1      | Reached XP level 1. HP: 13/13 MP: 3/3
    13 | D:1      | You fall into a shaft and drop 1 floor!
   368 | D:2      | Reached skill level 4 in Conjurations
   368 | D:2      | Reached XP level 2. HP: 17/19 MP: 0/5
   415 | D:2      | Learned a level 2 spell: Searing Ray
   454 | D:2      | Reached XP level 3. HP: 24/24 MP: 0/6
  1019 | D:1      | Reached XP level 4. HP: 18/31 MP: 0/7
  1021 | D:1      | You fall into a shaft and drop 1 floor!
  1044 | D:2      | HP: 1/31 [frozen (2)]
  1045 | D:2      | Frozen to death by an endoplasm

Illustrated notes

Levels and vault maps discovered:
D:1:      amcnicky_arrival_blooded_trapdoor, layout_loops_ring
D:2:      layout_rooms

Skill      XL: |  1 |
---------------+----+-----
Conjurations   | 4 |  4.6
Fighting       | |  0.3
Armour         | |  0.4
Dodging        | |  1.9
Stealth        | |  2.4
Spellcasting   | |  2.3

Action                   |  1- 3 |  4- 6 || total
-------------------------+-------+-------++-------
Melee: Unarmed           |     9 |       ||     9
       Club              |     5 |       ||     5
 Fire: Sling             |    26 |       ||    26
 Cast: Magic Dart        |    23 |       ||    23
       Searing Ray       |     3 |       ||     3
 Abil: Shaft Self        |       |     1 ||     1
Armor: Robe              |     3 |     1 ||     4
Dodge: Dodged            |    20 |    10 ||    30
